 Dungeon Crawl Stone Soup version 0.20-b1-24-gb21faa7 (webtiles) character file.

61 vatarom the Shooter (level 3, -6/30 HPs)
             Began as a Centaur Hunter on May 25, 2017.
             Killed by nerve-wracking pain
             ... invoked by a shadow imp
             ... summoned by Natasha
              (12 damage)
             ... on level 2 of the Dungeon.
             The game lasted 00:03:13 (1265 turns).

vatarom the Shooter (Centaur Hunter)                Turns: 1265, Time: 00:03:13

Health: -6/30      AC:  5    Str: 14    XL:     3   Next: 83%
Magic:  3/3        EV:  9    Int:  7    God:
Gold:   52         SH:  0    Dex: 10    Spells: 2/2 levels left

rFire    . . .     SeeInvis .   b - +0 short sword
rCold    . . .     Gourm    .   (no shield)
rNeg     . . .     Faith    .   c - +0 leather armour
rPois    .         Spirit   .   (no helmet)
rElec    .         Reflect  .   (no cloak)
rCorr    .         Harm     .   g - +0 pair of gloves (curse)
MR       .....     Rnd*Tele +   (no barding)
Stlth    +.........             (no amulet)
Regen    0.1/turn               k - ring of teleportation (curse)
MPRegen  0.1/turn               e - -3 ring of intelligence (curse)

@: very quick
A: hooves 3, deformed body, speed 2, tough skin 3
a: no special abilities


You were on level 2 of the Dungeon.
You were not hungry.

You visited 1 branch of the dungeon, and saw 2 of its levels.

You collected 52 gold pieces.

Inventory:

Hand Weapons
 a - a +1 shortbow
 b - a +0 short sword (weapon)
Missiles
 d - an arrow
Armour
 c - a +0 leather armour (worn)
 g - a cursed +0 pair of gloves (worn)
Jewellery
 e - a cursed -3 ring of intelligence (right hand)
 j - an uncursed ring of protection from cold
 k - a cursed ring of teleportation (left hand)
Scrolls
 h - 2 scrolls of identify
 i - 5 scrolls of teleportation
 l - a scroll of amnesia
Comestibles
 f - a bread ration


   Skills:
 + Level 2.8 Fighting
 * Level 6.7 Bows
 - Level 1.3 Dodging
 - Level 0.4 Stealth


You had 2 spell levels left.
You didn't know any spells.

Dungeon Overview and Level Annotations

Branches:
Dungeon (2/15)

Altars:

Annotations:
D:2 Natasha


Innate Abilities, Weirdness & Mutations

You have hooves in place of feet.
Armour fits poorly on your strangely shaped body.
You cover ground very quickly.
You have extremely tough skin. (AC +3)


Message History

Natasha barely misses you.
You hit Natasha but do no damage.
Natasha is moderately wounded.
Natasha closely misses you. The iron imp hits you.
You barely miss Natasha.
Natasha is moderately wounded.
Natasha barely misses you. The iron imp hits you!
* * * LOW HITPOINT WARNING * * *
Natasha hisses.
There is a stone staircase leading up here.
There is an open door, spattered with blood here.
Things that are here:
a club; a rat skeleton Natasha casts a spell.
The shadow imp shouts, "Scamper hence, thou cockered fly-bitten strumpet!"
There is a stone staircase leading up here.
You aren't carrying or standing over any spellbooks.
The shadow imp gestures at you. Pain shoots through your body!
You die...

.... #.### #.#.#. ..... ##'##
#.#... . ... ##...## #.#).#
#..... ##.....## ####.#... #..#.#
##.......## ##.##.....
###>..(####.........####...##.#..
.........5)5........+............
[##....####...h.....####....#....
#.#.. ##..5.@..## ##.#...... #
##. ##.....## ###.##... #.
##...## #.##..# #. ##'## #......
#. #.# #.##.#. #. #.# #.##...
######.### #.##### #.........#
#.# #.###.....#### #.#


You could see 2 iron imps, Natasha and a shadow imp.

Vanquished Creatures
  A gnoll (D:1)
  2 adders (D:2)
  A worm (D:2)
  A dart slug (D:1)
  2 leopard geckos (D:1)
  2 bats (D:1)
  2 giant cockroaches
  4 hobgoblins
  3 kobolds (D:1)
  A ball python (D:2)
  2 frilled lizards (D:1)
  4 goblins
  4 rats
29 creatures vanquished.

Notes
Turn   | Place    | Note
-------+----------+-------------------------------------------
     0 | D:1      | vatarom the Centaur Hunter began the quest for the Orb.
     0 | D:1      | Reached XP level 1. HP: 17/17 MP: 1/1
   178 | D:1      | Reached XP level 2. HP: 14/25 MP: 2/2
   231 | D:1      | Reached skill level 6 in Bows
   468 | D:1      | Reached XP level 3. HP: 30/30 MP: 3/3
  1244 | D:2      | Noticed Natasha
  1265 | D:2      | Killed from afar by a shadow imp

Skill      XL: |  1  2 |
---------------+-------+-----
Bows           | 6 |  6.7
Fighting       | |  2.8
Dodging        | |  1.3
Stealth        | |  0.4

Action                   || total
-------------------------++-------
Melee: Short sword       ||    47
       Kick              ||     9
 Fire: Shortbow          ||    76
  Use: Scroll            ||     4
       Potion            ||     2
Armor: Leather armour    ||    38
Dodge: Dodged            ||    40
